 Dungeon Crawl Stone Soup version 0.29.1-4-g47bece8355 (webtiles) character file.

Game seed: 11463775076083773999

258 ChadusMaximus the Caller (level 6, -2/41 HPs)
             Began as a Human Summoner on Dec 9, 2022.
             Slain by Edmund
             ... wielding a +3 vorpal flail
              (3 damage)
             ... on level 4 of the Dungeon.
             The game lasted 00:05:53 (4778 turns).

ChadusMaximus the Caller (Human Summoner)           Turns: 4778, Time: 00:05:55

Health: -2/41      AC:  3    Str:  8    XL:     6   Next: 40%
Magic:  2/11       EV: 12    Int: 18    God:
Gold:   207        SH:  0    Dex: 13    Spells: 6/12 levels left

rFire   . . .      SeeInvis .   j - +0 spear
rCold   . . .      Faith    .   (no shield)
rNeg    . . .      Spirit   .   a - +0 robe
rPois   .          Reflect  .   (no helmet)
rElec   .          Harm     .   k - +0 cloak
rCorr   .          Rampage  .   (no gloves)
Will    .....                   (no boots)
Stlth   ++........              (no amulet)
HPRegen 0.13/turn               (no ring)
MPRegen 0.12/turn               (no ring)

@: no status effects
A: no striking features
a: no special abilities


You were on level 4 of the Dungeon.
You visited 1 branch of the dungeon, and saw 5 of its levels.

You collected 207 gold pieces.

Inventory:

Hand Weapons
 e - a +0 dagger
 j - a +0 spear (weapon)
Armour
 a - a +0 robe (worn)
 k - a +0 cloak (worn)
Wands
 m - a wand of quicksilver (8)
 r - a wand of digging (2)
Scrolls
 c - a scroll of summoning {unknown}
 d - 4 scrolls of identify {unknown}
 f - 2 scrolls of vulnerability {unknown}
 h - a scroll of immolation {unknown}
 l - 2 scrolls of teleportation {unknown}
 o - a scroll of amnesia {unknown}
 q - a scroll of poison {unknown}
Potions
 g - 2 potions of attraction {unknown}
 i - a potion of mutation {unknown}
 n - a potion of lignification {unknown}
 p - a potion of haste {unknown}


   Skills:
 - Level 2.1 Dodging
 - Level 2.1 Stealth
 + Level 3.6 Spellcasting
 * Level 6.2 Summonings


You had 6 spell levels left.
You knew the following spells:

 Your Spells              Type           Power      Damage    Failure   Level
a - Summon Small Mammal   Summ           100%       N/A       1%          1
b - Call Canine Familiar  Summ           25%        N/A       3%          3
c - Call Imp              Summ           25%        N/A       1%          2

Your spell library contained the following spells:

 Spells                   Type           Power      Damage    Failure   Level
 Summon Guardian Golem    Hex/Summ       14%        N/A       13%         3
 Magic Dart               Conj           12%        1d3       16%         1
 Searing Ray              Conj           6%         2d4       24%         2
 Summon Lightning Spire   Summ/Air       14%        N/A       38%         4
 Ozocubu's Armour         Ice            3%         N/A       43%         3
 Fulminant Prism          Conj/Hex       1%         3d6       83%         4
 Metabolic Englaciation   Hex/Ice        1%         N/A       99%         5
 Simulacrum               Ice/Necr       1%         N/A       100%        6


Dungeon Overview and Level Annotations

Branches:
Dungeon (5/15)
 Temple: D:4-7

Altars:
Dithmenos
Ru

Annotations:
D:4 Edmund


Message History

You could not reach far enough!
Your hound bites Edmund.
Your shadow imp barely misses Edmund.
Your quokka bites Edmund.
Edmund misses your quokka.
You reach to attack!
You barely miss Edmund.
Edmund is severely wounded.
Your hound barely misses Edmund.
Your quokka bites Edmund.
Your shadow imp closely misses Edmund.
Edmund hits your hound with a +3 vorpal flail.
Your hound dies!
Your hound's corpse disappears in a puff of smoke!
Casting: Summon Small Mammal (safe; 1% risk of failure)
Confirm with . or Enter, or press ? or * to list all spells.
You don't know that spell.
You reach to attack!
You barely miss Edmund.
Edmund is severely wounded.
Your quokka bites Edmund.
Your shadow imp gestures at Edmund.
Edmund writhes in agony.
Edmund says, "A flail is better than a scythe, any day of the week!"
Edmund hits your shadow imp with a +3 vorpal flail!
Your shadow imp dies!
Your shadow imp disappears in a puff of smoke!
Your quokka barely misses Edmund.
Edmund shouts!
You reach to attack!
You hit Edmund.
Edmund is almost dead.
Casting: Summon Small Mammal (safe; 1% risk of failure)
Confirm with . or Enter, or press ? or * to list all spells.
You don't know that spell.
You hit Edmund but do no damage.
Edmund is almost dead.
Edmund hits you with a +3 vorpal flail!
Your quokka barely misses Edmund.
You hit Edmund.
Edmund is almost dead.
Your quokka bites Edmund but does no damage.
Edmund hits you with a +3 vorpal flail.
* * * LOW HITPOINT WARNING * * *
x2 Your quokka closely misses Edmund.
Edmund hits you with a +3 vorpal flail!
* * * LOW HITPOINT WARNING * * *
You die...

#..†.# .######.###
..........#
#######.#.# #.#.#
#### ##.#.#
##...## #..#.####
##.....###.##.....
#.....@.##.......#
#.....@....##..#.#
#.....r>##.# .#
##.....###.# ..
##...## #.# .#
##.# #.# # ... #..
###. ### #


You could see Edmund (ally target) and a friendly quokka (summoned).

Vanquished Creatures
  An orc wizard (D:3)
  3 adders
  A dart slug (D:2)
  An orc (D:3)
  3 bats
  An endoplasm (D:1)
  2 giant cockroaches
  2 goblins
  3 hobgoblins
  A jackal (D:1)
  2 quokkas
  6 ball pythons
  2 frilled lizards
  4 kobolds
  5 rats
37 creatures vanquished.

Vanquished Creatures (collateral kills)
  An ogre (D:4)
  A gnoll (D:1)
  5 adders
  A worm (D:2)
  A dart slug (D:2)
  A ball python (D:2)
  4 giant cockroaches
  A goblin (D:1)
  3 hobgoblins
  3 jackals (D:1)
  3 quokkas
  2 bats
  2 frilled lizards (D:2)
  A kobold (D:3)
  A rat (D:2)
30 creatures vanquished.

Grand Total: 67 creatures vanquished

Notes
Turn   | Place    | Note
-------+----------+-------------------------------------------
     0 | D:1      | ChadusMaximus the Human Summoner began the quest for the
                  | Orb.
     0 | D:1      | Reached XP level 1. HP: 13/13 MP: 3/3
   333 | D:1      | Reached XP level 2. HP: 7/19 MP: 1/5
  1267 | D:1      | Reached XP level 3. HP: 22/24 MP: 6/6
  2203 | D:1      | Learned a level 3 spell: Call Canine Familiar
  2206 | D:1      | Learned a level 2 spell: Call Imp
  2509 | D:2      | Reached XP level 4. HP: 26/30 MP: 3/7
  2773 | D:2      | Reached skill level 5 in Summonings
  3356 | D:3      | Found a shadowy altar of Dithmenos.
  3364 | D:3      | Reached XP level 5. HP: 35/35 MP: 5/9
  3834 | D:3      | Found a sacrificial altar of Ru.
  4475 | D:4      | Noticed an ogre
  4490 | D:4      | Killed an ogre
  4491 | D:4      | Reached skill level 6 in Summonings
  4491 | D:4      | Reached XP level 6. HP: 41/41 MP: 4/11
  4580 | D:4      | Noticed Edmund
  4604 | D:5      | Entered Level 5 of the Dungeon
  4604 | D:5      | Noticed an ogre
  4778 | D:4      | HP: 1/41 [Edmund/+3 vorpal flail (8)]
  4778 | D:4      | Slain by Edmund

Illustrated notes

Levels and vault maps discovered:
D:1:      wander_arrival_lonely_grave, layout_loops_ring, st_stairs_13,
          hangedman_glass_teeth, fountainhead
D:2:      layout_rooms, wander_ebering_terrifying_dragon_lair
D:3:      layout_basic, grunt_dithmenos_smoke,
          nicolae_ru_great_annihilating_truth
D:4:      layout_loops_ring, uniq_menkaure, uniq_edmund
D:5:      layout_cave_pods, mainiacjoe_overflow_surrounded_room,
          dk_yredelemnul_ordeal, minivault_11, uniq_ijyb, uniq_eustachio

Skill      XL: |  1  2  3  4  5 |
---------------+----------------+-----
Summonings     | 5 6 |  6.2
Spellcasting   | 3 |  3.6
Dodging        | |  2.1
Stealth        | |  2.1

Action                   |  1- 3 |  4- 6 || total
-------------------------+-------+-------++-------
Melee: Unarmed           |    10 |       ||    10
       Dagger            |    57 |       ||    57
       Punch             |     1 |     2 ||     3
       Spear             |    33 |   130 ||   163
 Cast: Summon Small Mamm |    25 |     6 ||    31
       Call Canine Famil |     2 |    14 ||    16
       Call Imp          |       |     4 ||     4
  Use: Potion            |       |     1 ||     1
 Stab: Sleeping          |     7 |     4 ||    11
       Invisible         |       |     1 ||     1
       Paralysed         |       |     1 ||     1
Armor: Robe              |    19 |    21 ||    40
Dodge: Dodged            |    78 |    65 ||   143
